 Dungeon Crawl Stone Soup version 0.29-a0-338-g1ff7896281 (webtiles) character file.

Game seed: 9531494686023497413

106 Lekart the Slasher (level 4, 0/38 (40) HPs)
             Began as a Draconian Chaos Knight on Apr 18, 2022.
             Was a Plaything of Xom.
             Slain by Crazy Yiuf
             ... wielding a +2 quarterstaff of chaos
              (5 damage)
             ... on level 2 of the Dungeon.
             The game lasted 00:03:00 (2493 turns).

Lekart the Slasher (Draconian Chaos Knight)         Turns: 2493, Time: 00:03:01

HP:   0/38 (40)     AC:  6    Str: 12 (14) XL:     4   Next: 55%
MP:   4/4           EV: 12    Int: 13      God:    Xom [..*...]
Gold: 83            SH:  0    Dex: 12      Spells: 3/3 levels left

rFire   . . .      SeeInvis .   a - +0 falchion (chaos)
rCold   . . .      Faith    .   (no shield)
rNeg    . . .      Spirit   .   (body armour unavailable)
rPois   .          Reflect  .   (helmet restricted)
rElec   .          Harm     .   h - +0 cloak
rCorr   .          Rampage  .   (no gloves)
Will    .....                   (no boots)
Stlth   +.........              (no amulet)
HPRegen 0.12/turn               (no ring)
MPRegen 0.09/turn               (no ring)

@: on berserk cooldown, drained
A: AC +5, unfitting armour, cold-blooded
a: Renounce Religion


You were on level 2 of the Dungeon.
You worshipped Xom.
You were a toy of Xom.
You visited 1 branch of the dungeon, and saw 2 of its levels.

You collected 83 gold pieces.

Inventory:

Hand Weapons
 a - a +0 falchion of chaos (weapon)
Missiles
 k - 2 throwing nets
Armour
 h - a +0 cloak (worn)
Scrolls
 c - 3 scrolls of teleportation
 l - 2 scrolls of brand weapon {unknown}
 n - a scroll of amnesia {unknown}
Potions
 d - 2 potions of brilliance
 f - a potion of might
 g - a potion of attraction
 i - a potion of invisibility
 j - a potion of curing
Miscellaneous
 b - a piece from Xom's chessboard (4/15) (quivered)


   Skills:
 + Level 4.1 Fighting
 + Level 4.3 Long Blades
 + Level 2.7 Dodging
 + Level 0.6 Evocations


You had 3 spell levels left.
You didn't know any spells.
Your spell library contained the following spells:

 Spells                   Type           Power      Damage    Failure   Level
 Sandblast                Erth           0%         2d4       30%         1
 Passwall                 Tmut/Erth      0%         N/A       43%         2
 Stone Arrow              Conj/Erth      0%         3d7       67%         3


Dungeon Overview and Level Annotations

Branches:
Dungeon (2/15)

Altars:
Xom
Zin

Annotations:
D:2 Crazy Yiuf


Innate Abilities, Weirdness & Mutations

Your plain brown scales are hard. (AC +5)
You cannot fit into any form of body armour.
You are cold-blooded and may be slowed by cold attacks.


Message History

Crazy Yiuf is moderately wounded.
Crazy Yiuf hits you with a +2 quarterstaff of chaos!
You are confused.
Are you sure you want to stumble around while confused and next to your butterfly? [Y]es or [N]o only, please.
Are you sure you want to stumble around while confused and next to your butterfly? [Y]es or [N]o only, please.
Are you sure you want to stumble around while confused and next to your butterfly? [Y]es or [N]o only, please.
Are you sure you want to stumble around while confused and next to your butterfly?
Okay, then.
You're too confused to attack without stumbling around!
You're too confused to attack without stumbling around!
You're too confused to attack without stumbling around!
You're too confused to attack without stumbling around!
You're too confused to attack without stumbling around!
You're too confused to attack without stumbling around!
You're too confused to attack without stumbling around!
Are you sure you want to stumble around while confused and next to your butterfly?
Okay, then.
Are you sure you want to stumble around while confused and next to your butterfly?
You barely miss Crazy Yiuf.
Crazy Yiuf is moderately wounded.
Crazy Yiuf hits you with a +2 quarterstaff of chaos!
Crazy Yiuf draws strength from your wounds!
Crazy Yiuf misses you.
Are you sure you want to stumble around while confused and next to your butterfly? [Y]es or [N]o only, please.
Are you sure you want to stumble around while confused and next to your butterfly?
Okay, then.
You feel better.
Crazy Yiuf hits you with a +2 quarterstaff of chaos!
You feel drained.
You hit Crazy Yiuf but do no damage. You tail-slap Crazy Yiuf.
Crazy Yiuf is lightly wounded.
Crazy Yiuf hits you with a +2 quarterstaff of chaos!
* * * LOW HITPOINT WARNING * * *
Space warps around you.
You die...
Xom bursts into laughter!

..##.........#
#.#....>.##.....#
####..######.#
#.#.##..####...## #..#
#.# #.#.##.....)...###
#..#### ###
##########........
#.....# ####.####
##.##.# ♣♣♣♣♣#####'##
#....# ###
♣♣♣.♣.P..##...##
#####.#
#bb.#♣bb♣..P........##
##.###.#
#.b.g@♣♣♣♣.P.........#
###....#.# #)..#♣♣
♣♣...........
.†.......# ###
♣♣##........
.........# #........
#.###.#.## #.......#
........# ### ###
##.....## #.###.#.#
#.# #.# ##...##
#.#)#.#.# #.# #.#
##'## #.###.#.# #.#
#.# #.#


You could see Crazy Yiuf.

Vanquished Creatures
  Terence (D:2)
  Natasha (D:2)
  An adder (D:2)
  4 bats
  7 endoplasms
  2 giant cockroaches (D:2)
  3 goblins
  4 hobgoblins
  4 quokkas
  5 ball pythons
  3 frilled lizards (D:2)
  4 kobolds
  4 rats
43 creatures vanquished.

Notes
Turn   | Place    | Note
-------+----------+-------------------------------------------
     0 | D:1      | Lekart the Draconian Chaos Knight began the quest for the
                  | Orb.
     0 | D:1      | Reached XP level 1. HP: 19/19 MP: 1/1
    40 | D:1      | XOM: divination: detect creatures
   101 | D:1      | XOM: scenery: summon butterflies
   290 | D:1      | XOM: scenery: create altars
   416 | D:1      | Reached XP level 2. HP: 26/26 MP: 2/2
   691 | D:1      | XOM: cloud trail
   855 | D:1      | XOM: divination: detect creatures
   980 | D:1      | Found a faded altar of an unknown god.
  1147 | D:1      | XOM: god gift: scroll of teleportation
  1208 | D:1      | XOM: scenery: summon butterflies
  1292 | D:2      | Reached XP level 3. HP: 28/33 MP: 3/3
  1542 | D:2      | Noticed Terence
  1559 | D:2      | Killed Terence
  1560 | D:2      | Reached XP level 4. HP: 11/40 MP: 4/4
  2046 | D:2      | Noticed Natasha
  2048 | D:2      | XOM: confuse monster(s)
  2051 | D:2      | Killed Natasha
  2064 | D:2      | Found a glowing silver altar of Zin.
  2140 | D:2      | Found a runed translucent door.
  2141 | D:2      | Noticed Crazy Yiuf
  2489 | D:2      | XOM: scenery: summon butterflies
  2493 | D:2      | Slain by Crazy Yiuf

Illustrated notes

Levels and vault maps discovered:
D:1:      minmay_arrival_hallway, layout_loops_cross,
          nicolae_ecumenical_snake_handling, minmay_misc_feat_roman,
          minmay_split_cup_large
D:2:      layout_loops_corners, basic_altar, st_stairs_8, minmay_surrounded,
          uniq_terence, uniq_natasha, uniq_crazy_yiuf_cottage

Skill      XL: |  1  2  3 |
---------------+----------+-----
Fighting       | 4 |  4.1
Long Blades    | 4 |  4.3
Dodging        | |  2.7
Evocations     | |  0.6

Action                   |  1- 3 |  4- 6 || total
-------------------------+-------+-------++-------
Melee: Falchion          |    86 |    46 ||   132
       Tailslap          |     5 |     4 ||     9
       Punch             |     2 |     2 ||     4
Evoke: Piece from Xom's  |    14 |       ||    14
  Use: Potion            |     4 |     3 ||     7
       Scroll            |     2 |     4 ||     6
 Stab: Paralysed         |     3 |       ||     3
       Sleeping          |     1 |     1 ||     2
Armor: Skin              |    37 |    14 ||    51
Dodge: Dodged            |    81 |    27 ||   108

Table legend: (Time is in decaauts)
 A = Elapsed time spent in this place.
 B = Non-inter-level travel time spent in this place.
 C = Inter-level travel time spent in this place.
 D = Time resting spent in this place.
 E = Time spent auto-exploring this place.
 F = Levels seen in this place.
 G = Mean time per level.
                   A        B        C        D        E       F      G
               +--------+--------+--------+--------+--------+-----+--------+
         Total |   2513 |   2499 |     14 |     31 |   2111 |   2 | 1256.5 |
       Dungeon |   2513 |   2499 |     14 |     31 |   2111 |   2 | 1256.5 |
               +--------+--------+--------+--------+--------+-----+--------+

Top non-repeatable levels by time:
     D:1: 1273 daAuts
     D:2: 1239 daAuts
